 Dungeon Crawl Stone Soup version 0.27-a0-681-g0c81a3c1c3 (webtiles) character file.

Game seed: 11890169056039913741

1 Goblin1989 the Sneak (level 1, -1/18 HPs)
             Began as a Demonspawn Delver on Mar 20, 2021.
             Was an Initiate of Okawaru.
             Slain by a water moccasin skeleton (3 damage)
             ... on level 4 of the Dungeon.
             The game lasted 00:02:47 (432 turns).

Goblin1989 the Sneak (Demonspawn Delver)             Turns: 432, Time: 00:02:47

Health: -1/18      AC:  3    Str: 12    XL:     1   Next: 16%
Magic:  1/1        EV: 11    Int: 11    God:    Okawaru [......]
Gold:   47         SH:  0    Dex: 14    Spells: 0/0 levels left

rFire    . . .     SeeInvis .   N - +0 quarterstaff
rCold    . . .     Faith    .   (shield currently unavailable)
rNeg     . . .     Spirit   .   b - +0 leather armour
rPois    .         Reflect  .   (no helmet)
rElec    .         Harm     .   (no cloak)
rCorr    .         Rampage  .   (no gloves)
Will     .....                  (no boots)
Stlth    ++........             (no amulet)
HPRegen  0.06/turn              (no ring)
MPRegen  0.07/turn              (no ring)

@: no status effects
A: no striking features
a: Renounce Religion


You were on level 4 of the Dungeon.
You worshipped Okawaru.
Okawaru was noncommittal.
You visited 2 branches of the dungeon, and saw 3 of its levels.

You collected 47 gold pieces.

Inventory:

Hand Weapons
 a - a +0 short sword
 N - a +0 quarterstaff (weapon)
Armour
 b - a +0 leather armour (worn)
Wands
 g - a wand of digging (3) {@v1}
Scrolls
 c - a scroll of fog
 O - a scroll of identify {unknown}
Potions
 f - a potion of haste {@q3,}


   Skills:
 - Level 3.0 Fighting
 - Level 1.7 Short Blades
 + Level 0.3 Staves
 - Level 1.7 Dodging
 - Level 4.5 Stealth


You couldn't memorise any spells.
You didn't know any spells.
Your spell library was empty.

Dungeon Overview and Level Annotations

Branches:
Dungeon (5/15)             Temple (1/1) D:4

Altars:
Ashenzari
Dithmenos
Elyvilon
Fedhas
Hepliaklqana
Kikubaaqudgha
Makhleb
Okawaru
Qazlal
Ru
Trog
Xom
Yredelemnul
Zin

Annotations:
D:5 Edmund


Message History

Found an iron altar of Okawaru.
There is an open door here.
As you open the door, it creaks loudly!
Found a sacrificial altar of Ru.
There is an open door here.
There is an open door here.
You open the door.
Found a broken altar of Ashenzari.
There is an open door here.
There is an open door here.
You open the door.
Found a shadowy altar of Dithmenos.
There is an open door here.
There is an open door here.
You open the door.
Found a blossoming altar of Fedhas.
There is an open door here.
There is an open door here.
You open the door.
Found a glowing silver altar of Zin.
There is an open door here.
You open the door.
There is an open door here.
You open the door.
Found a stormy altar of Qazlal.
There is an open door here.
There is an open door here.
As you open the door, it creaks loudly!
Found an ancient bone altar of Kikubaaqudgha.
There is an open door here.
There is an open door here.
You open the door.
Found a burning altar of Makhleb.
There is an open door here.
You open the door.
There is an open door here.
You open the door.
Found a hazy altar of Hepliaklqana.
There is an open door here.
There is an open door here.
As you open the door, it creaks loudly!
Found a basalt altar of Yredelemnul.
There is an open door here.
There is an open door here.
You open the door.
Found a bloodstained altar of Trog.
There is an open door here.
There is an open door here.
You open the door.
Found a shimmering altar of Xom.
There is an open door here.
Done exploring.
Done exploring.
Done exploring.
Done exploring.
There is an open door here.
There is an open door here.
There is an iron altar of Okawaru here.
Unknown command.
Press < or > to pray at altars.
Unknown command.
Press < or > to pray at altars.
You kneel at the altar of Okawaru.
Okawaru welcomes you!
Unknown command.
Press < or > to pray at altars.
You open the door.
There is an open door here.
There is an open door here.
There is a staircase back to the Dungeon here.
You climb upwards.
You hear the sound of rushing water.
There is an entrance to a sewer on this level.
Hurry and find it before the portal rusts away!
You hear the rusting of a distant drain.
The orc hits you with a +0 dagger. The orc hits you with a +0 short sword.
The orc hits you with a +0 dagger.
* * * LOW HITPOINT WARNING * * *
The water moccasin skeleton misses you. The orc closely misses you.
There is a staircase to the Ecumenical Temple, spattered with blood here.
You take 11 damage, and have 7/18 hp.
MASSIVE DAMAGE!!
As you read the scroll of fear, it crumbles to dust.
You assume a fearsome visage.
The water moccasin skeleton is unaffected.
The orc looks frightened! x2
The orc shouts!
The orc looks frightened!
The orc priest looks frightened!
The orc priest shouts!
The orc looks frightened!
You hear an angry hiss.
The water moccasin skeleton closely misses you.
The water moccasin skeleton misses you. The water moccasin skeleton bites you.
* * * LOW HITPOINT WARNING * * *
You take 6 damage, and have 1/18 hp.
MASSIVE DAMAGE!!
Found a leather armour.
The water moccasin skeleton bites you but does no damage.
You open the door.
The water moccasin skeleton barely misses you.
The water moccasin skeleton bites you.
You die...

·▓ ▓·▓ ·▓ ▓▓▓▓▓▓▓·▓▓▓ ·▓
▓·········▓ ·▓ ▓·▓▓▓▓▓▓▓▓▓ ·▓
▓·▓ ·████████████████ ▓·▓
██..........[...█ ▓·▓
................███.█
█.█....██.█...lZ@...█
█.█l██....█.....█████▓▓▓▓▓▓▓▓
........█.......█ ▓·········▓
██.█.██.█...██▲██ ▓·▓▓▓▓▓▓·▓▓
...█........█▓·▓▓▓▓·▓ ▓·▓
.█...█.█.██.█▓······▓ ▓·▓
o█.>.█.█....█▓▓▓▓▓▓▓▓ ▓·▓
.........█..█ ▓·▓
█.█.█....█..█▓▓▓▓▓▓▓▓▓▓▓▓▓·▓


You could see an iguana and a water moccasin skeleton.

Vanquished Creatures
  A ball python zombie (D:5)
  A leopard gecko zombie (D:5)
2 creatures vanquished.

Notes
Turn   | Place    | Note
-------+----------+-------------------------------------------
     0 | D:5      | Goblin1989 the Demonspawn Delver began the quest for the
                  | Orb.
     0 | D:5      | Reached XP level 1. HP: 18/18 MP: 1/1
    84 | D:5      | Noticed an ogre
    85 | D:5      | Noticed a centaur
   167 | D:5      | Noticed Edmund
   184 | D:4      | Noticed an orc priest
   185 | D:4      | Noticed an iguana
   187 | D:4      | Found a staircase to the Ecumenical Temple.
   192 | Temple   | Entered the Ecumenical Temple
   406 | Temple   | Became a worshipper of Warmaster Okawaru
   432 | D:4      | Slain by a water moccasin skeleton

Illustrated notes

Levels and vault maps discovered:
D:4:      layout_basic, lemuel_crystal_altar, minmay_temple_entry_ruins,
          gup_sewer_entry_bowl
D:5:      cheibrodos_helix_gallery, layout_loops_ring, uniq_edmund, uniq_ijyb
Temple:   nicolae_temple_figure_eight

Action                   || total
-------------------------++-------
Melee: Quarterstaff      ||     4
  Use: Scroll            ||     2
Armor: Leather armour    ||     2
Dodge: Dodged            ||     7

Table legend: (Time is in decaauts)
 A = Elapsed time spent in this place.
 B = Non-inter-level travel time spent in this place.
 C = Inter-level travel time spent in this place.
 D = Time resting spent in this place.
 E = Time spent auto-exploring this place.
 F = Levels seen in this place.
 G = Mean time per level.
                   A        B        C        D        E       F      G
               +--------+--------+--------+--------+--------+-----+--------+
         Total |    432 |    413 |     19 |      0 |    203 |   3 |  144.0 |
       Dungeon |    207 |    207 |      0 |      0 |      0 |   2 |  103.5 |
        Temple |    224 |    205 |     19 |      0 |    203 |   1 |  224.0 |
               +--------+--------+--------+--------+--------+-----+--------+

Top non-repeatable levels by time:
  Temple: 224 daAuts
     D:5: 179 daAuts
     D:4: 28 daAuts
